 Dungeon Crawl Stone Soup version 0.31-a0-1278-g11c5b68f87 (webtiles) character file.

Game seed: 2322257400562641721

70969 MackTheKnife the Warrior (level 14, -18/140 HPs)
             Began as a Minotaur Fighter on Dec 17, 2023.
             Was a High Priest of Okawaru.
             Demolished by a +3 dire flail of venom (26 damage)
             ... on level 2 of the Elven Halls.
             The game lasted 00:37:52 (9228 turns).

MackTheKnife the Warrior (Minotaur Fighter)         Turns: 9228, Time: 00:37:52

Health: -18/140    AC: 14    Str: 21    XL:     14   Next: 58%
Magic:  28/28      EV: 22    Int:  5    God:    Okawaru [*****.]
Gold:   715        SH:  8    Dex: 15    Spells: 13/13 levels left

rFire   . . .        b - +7 demon whip (elec) {mace}
rCold   . . .        c - +1 buckler
rNeg    . . .        j - +0 steam dragon scales
rPois   .            k - +1 hat
rElec   .            (no cloak)
rCorr   .            i - +2 pair of gloves
SInv    .            d - +2 pair of slick slippers {slick, slippery, EV+4}
Will    +....        r - amulet of faith {!P}
Stlth   +            h - ring of flight
HPRegen 0.43/turn    s - ring of magical power
MPRegen 0.21/turn

%: faith
@: lethally poisoned (-18 -> -37), about to teleport, flying
A: horns 2, retaliatory headbutt
a: Renounce Religion, Heroism, Finesse, Duel


You were on level 2 of the Elven Halls.
You worshipped Okawaru.
Okawaru was extremely pleased with you.
You visited 5 branches of the dungeon, and saw 20 of its levels.

You collected 1328 gold pieces.
You spent 613 gold pieces at shops.


Innate Abilities, Weirdness & Mutations

You have a pair of horns on your head.
You reflexively headbutt those who attack you in melee.


   Skills:
 + Level 17.5 Fighting
 - Level 6.0(10.0) Axes
 - Level 12.3(12.9) Maces & Flails
 - Level 13.2 Armour
 - Level 11.7 Dodging
 - Level 10.1 Shields
 - Level 8.0 Invocations


You had 13 spell levels left.
You didn't know any spells.
Your spell library contained the following spells:

 Spells                   Type           Power      Damage    Failure   Level
 Slow                     Hex            0%         N/A       52%         1
 Sting                    Tmut/Pois      0%         1d3       52%         1
 Jinxbite                 Hex            0%         N/A       67%         2
 Poisonous Vapours        Pois/Air       0%         N/A       67%         2
 Confusing Touch          Hex            0%         N/A       88%         3
 Sigil of Binding         Hex            0%         N/A       88%         3
 Vampiric Draining        Necr           0%         2d6       88%         3
 Dimensional Bullseye     Hex/Tloc       0%         N/A       99%         4
 Dispel Undead            Necr           0%         3d6       99%         4
 Fulminant Prism          Conj/Hex       0%         3d5       99%         4
 Olgreb's Toxic Radiance  Pois           0%         N/A       99%         4
 Borgnjor's Vile Clutch   Necr/Erth      0%         N/A       100%        5
 Summon Small Mammal      Summ           Unusable   N/A       N/A         1
 Call Canine Familiar     Summ           Unusable   N/A       N/A         3
 Summon Guardian Golem    Hex/Summ       Unusable   N/A       N/A         3
 Tukima's Dance           Hex            Unusable   N/A       N/A         3
 Infestation              Necr           Unusable   N/A       N/A         8

Inventory:

Hand Weapons
 b - a +7 demon whip of electrocution (weapon) {mace}
   (Okawaru gifted it to you on level 5 of the Lair of Beasts)
 m - the +11 whip of Demonkind {freeze, rC++, mace}
   (You found it on level 5 of the Dungeon)

   rC++:      It greatly protects you from cold.
Missiles
 u - 31 poisoned darts (quivered) {throwing}
 B - 4 throwing nets {=f!fthrowing}
 F - a curare-tipped dart {=fthrowing}
Armour
 c - a +1 buckler (worn)
 d - the +2 pair of slick slippers (worn) {slick, slippery, EV+4}
   (Okawaru gifted it to you on level 5 of the Lair of Beasts)

   Slick:     Its wearer cannot be constricted, engulfed, netted or webbed.
   Slippery:  Its wearer slips away from damaging melee attacks, pulling the
   attacker onward.
   EV+4:      It affects your evasion (+4).
 i - a +2 pair of gloves (worn)
   (You found it on level 2 of the Dungeon)
 j - +0 steam dragon scales (worn)
   (You took it off Maggie on level 9 of the Dungeon)
 k - a +1 hat (worn)
   (You found it on level 1 of the Lair of Beasts)
 I - a +2 chain mail of positive energy
   (You found it on level 10 of the Dungeon)
Jewellery
 h - a ring of flight (left hand)
   (You found it on level 4 of the Dungeon)
 n - a ring of wizardry
   (You found it on level 5 of the Lair of Beasts)
 r - an amulet of faith (around neck) {!P}
   (You found it on level 5 of the Lair of Beasts)
 s - a ring of magical power (right hand)
   (You found it on level 3 of the Lair of Beasts)
 G - a ring of ice
   (You found it on level 10 of the Dungeon)
 H - a ring of fire
   (You bought it in a shop on level 2 of the Orcish Mines)
Wands
 K - a wand of roots (1)
   (You found it on level 2 of the Orcish Mines)
 L - a wand of light (4)
   (You found it on level 1 of the Elven Halls)
Scrolls
 a - 2 scrolls of fog
 q - 2 scrolls of blinking {!r}
 t - 2 scrolls of immolation {!r!r}
 w - 2 scrolls of summoning
 z - a scroll of poison {!r}
 E - 3 scrolls of identify {@r1}
 J - a scroll of fear
Potions
 e - a potion of magic
 f - 2 potions of attraction {!q}
 g - 5 potions of heal wounds {@q2}
 l - 2 potions of curing {@q1}
 o - 2 potions of haste {@q3}
 p - 3 potions of might
 v - a potion of invisibility
 A - 2 potions of enlightenment
 C - a potion of lignification {!q}
Miscellaneous
 x - a tin of tremorstones (inert) {throwing}
   (You found it on level 5 of the Lair of Beasts)
 y - a phial of floods
   (You found it on level 5 of the Lair of Beasts)

Dungeon Overview and Level Annotations

Branches:
Dungeon (10/15) Zot: 26684  Temple (1/1) D:6 Zot: 5973    Lair (5/5) D:8 Zot: 25233
 Shoals (0/4) Lair:3       Spider (0/4) Lair:3          Orc (2/2) D:10 Zot: 10866
    Elf (2/3) Orc:2 Zot: 11338
  Slime: Lair:4-5

Altars:
Ashenzari
Cheibriados
Dithmenos
Elyvilon
Fedhas
Gozag
Hepliaklqana
Kikubaaqudgha
Makhleb
Nemelex Xobeh
Okawaru
Qazlal
Ru
Sif Muna
Uskayaw
Vehumet
Wu Jian
Xom
Yredelemnul
Zin
The Shining One

Shops:
D:3 !   D:4 !*?!   D:5 [   Orc:1 (   Orc:2 ?!(*

Annotations:
D:7 3 runed translucent doors, p0werm0de's ghost, novice DsFi
D:8 Dirtsage's ghost, novice OpSh
Temple 2 transporters
Lair:4 Snorg
Lair:5 exclusion: upstairs

## ### #.##..###
... .......@#
... .......(##
..?. ..##..(e.#
..... ##....#
.....# ##.(.#
.....e#####...##
........##...##
.......).....##
..............##


You could see a deep elf blademaster and 3 dancing weapons.


Message History

😕 HP[+1] 😕 HP[+1]
A +2 scimitar of holy wrath comes into view. 😕 MP[+1]
A +2 scimitar of holy wrath is nearby! 😕 HP[+1]
A deep elf zephyrmancer comes into view.
It is wielding a +0 long sword. 😕 HP[+1]
The deep elf zephyrmancer gestures at you while chanting.
The bolt of lightning hits the +2 scimitar of holy wrath.
The +2 scimitar of holy wrath completely resists.
The bolt of lightning hits you!!
You hear a shout! x4 😮 HP[-21] MP[+1]
You take 21 damage, and now have 103/140 hp.
You thrash the +2 scimitar of holy wrath!!
You headbutt the +2 scimitar of holy wrath, but do no damage.
You miss the +2 scimitar of holy wrath.
You block the +2 scimitar of holy wrath's attack.
You thrash the +2 scimitar of holy wrath!!
The +2 scimitar of holy wrath falls from the air.
Okawaru accepts your kill.
A +6 halberd of venom comes into view.
A +0 vampiric quick blade comes into view.
A deep elf blademaster comes into view. It is wielding two +0 short swords.
You see here a +2 scimitar of holy wrath {long}. 😮 HP[+1]
The deep elf zephyrmancer casts a spell at you.
The bolt of lightning misses you. 😮 HP[+1] 😮 MP[+1] 😕 HP[+1]
A +3 dire flail of venom comes into view.
Your hands slow down.
The +3 dire flail of venom hits you!
You slip backwards!
You are poisoned. 😮 HP[-13]
You take 13 damage, and now have 93/140 hp.
You miss the +3 dire flail of venom.
You feel very sick. The +3 dire flail of venom misses you.
You furiously retaliate!
You headbutt the +3 dire flail of venom, but do no damage. 😮 HP[-3]
You take 3 damage, and now have 90/140 hp.
You closely miss the +0 vampiric quick blade.
You feel like a meek peon again.
You feel very sick.
You block the +3 dire flail of venom's attack.
The +0 vampiric quick blade hits you.
The +0 vampiric quick blade hits you but does no damage. 😮 HP[-6]
You take 6 damage, and now have 84/140 hp.
You barely miss the +0 vampiric quick blade.
Your headbutt misses the +0 vampiric quick blade.
You feel sick.
The +3 dire flail of venom barely misses you.
You furiously retaliate!
You headbutt the +3 dire flail of venom.
The +0 vampiric quick blade hits you but does no damage. x2 😮 HP[-1]
You take 1 damage, and now have 83/140 hp.
As you read the scroll of teleportation {@r4}, it crumbles to dust.
You feel strangely unstable.
You feel very sick.
The +6 halberd of venom hits you from afar!
* * * LOW HITPOINT WARNING * * *
The +0 vampiric quick blade hits you.
* * * LOW HITPOINT WARNING * * *
The +0 vampiric quick blade hits you but does no damage.
You block the +3 dire flail of venom's attack.
You block the deep elf blademaster's attack.
The deep elf blademaster hits you with a +0 short sword!!
* * * LOW HITPOINT WARNING * * *
You slip backwards!
The deep elf zephyrmancer casts a spell.
The deep elf zephyrmancer blinks! 😨 HP[-38] MP[+1]
You take 38 damage, and now have 45/140 hp.
MASSIVE DAMAGE!! (PAUSE)
Your mp is fully restored (28).
You feel sick.
You block the +0 vampiric quick blade's attack.
The +0 vampiric quick blade hits you.
* * * LOW HITPOINT WARNING * * *
The +3 dire flail of venom hits you!
* * * LOW HITPOINT WARNING * * *
The deep elf blademaster hits you with a +0 short sword!
* * * LOW HITPOINT WARNING * * *
You slip backwards!
Unknown command. 😱 HP[-22]
You take 22 damage, and now have 23/140 hp.
You feel very sick.
The +3 dire flail of venom attacks as it pursues you!
The +3 dire flail of venom hits you!
* * * LOW HITPOINT WARNING * * *
You slip backwards!
You are lethally poisoned!
The +3 dire flail of venom hits you!!
You die...

Skill      XL: |  1  2  3  4  5  6  7  8  9 10 11 12 13 14 |
---------------+-------------------------------------------+-----
Fighting       | 4 5 6 7 8 10 12 13 14 15 17 | 17.5
Axes           | 3 4 5 6 |  6.0
Maces & Flails | 2 5 8 10 12 | 12.3
Armour         | 5 10 11 13 | 13.2
Dodging        | 3 8 10 11 | 11.7
Invocations    | 8 |  8.0
Shields        | 7 10 | 10.1

Action                     |  1- 3 |  4- 6 |  7- 9 | 10-12 | 13-15 || total
---------------------------+-------+-------+-------+-------+-------++-------
  Melee: War axe           |    69 |    65 |       |       |       ||   134
         Headbutt          |     5 |    17 |    24 |   103 |   128 ||   277
         Whip              |       |    13 |   194 |   332 |       ||   539
         Demon whip        |       |       |       |   143 |   684 ||   827
  Throw: Dart              |       |       |       |    11 |     3 ||    14
         Throwing net      |       |       |       |       |     2 ||     2
 Invoke: Receive Weapon    |       |       |       |     1 |       ||     1
         Receive Armour    |       |       |       |     1 |       ||     1
         Heroism           |       |       |       |     4 |    13 ||    17
         Finesse           |       |       |       |     2 |     9 ||    11
  Evoke: Wand              |       |       |     1 |    32 |    11 ||    44
         Tin of tremorston |       |       |       |       |     4 ||     4
    Use: Potion            |     1 |       |       |     9 |     3 ||    13
         Scroll            |       |     6 |     6 |     9 |     7 ||    28
   Stab: Paralysed         |       |       |       |     6 |       ||     6
         Petrified         |       |       |       |       |     5 ||     5
         Invisible         |       |       |       |       |     1 ||     1
         Sleeping          |       |       |       |       |     1 ||     1
 Armour: Scale mail        |    54 |    39 |   124 |    27 |       ||   244
         Steam dragon scal |       |       |       |   183 |   169 ||   352
  Dodge: Dodged            |    30 |    32 |    59 |   188 |   303 ||   612
  Block: Buckler           |    14 |    20 |    41 |    95 |   121 ||   291

Levels and vault maps discovered:
D:1:      evilmike_arrival_fibonacci_small, layout_loops_ring,
          ebering_ecumenical_altar_sacrificial
D:2:      layout_loops_ring
D:3:      layout_basic, serial_shops, shop, uniq_grinder
D:4:      cheibrodos_quashed, layout_basic, evilmike_ruin_ashenzari,
          serial_shops, shop, shop, nicolae_shop_tiny_real_fake_doors, shop
D:5:      layout_basic, grunt_qazlal_clouds, small_statue_intersection,
          nicolae_take_the_stairs
D:6:      layout_loops_ring, lemuel_tele_altar, minmay_temple_entry_ruins,
          gammafunk_ghost_cemetery, st_stairs_6
D:7:      lemuel_ice_spiral_2, layout_rooms, mainiacjoe_overflow_24_doors,
          gammafunk_ghost_nasty_kobolds, nicolae_elevator_lobby_asterisk
D:8:      layout_basic, due_lair_maze_entry_diamond,
          gammafunk_ghost_gnarly_gnolls, minmay_the_grid_2x2
          [minmay_the_grid_spin_star, minmay_the_grid_diamond_grid,
          minmay_the_grid_outer_diamond, minmay_the_grid_prize_four_corners]
D:9:      layout_roguey, fedhas_altar_fruit_tree, uniq_joseph, uniq_maurice,
          uniq_maggie, uniq_erica
D:10:     layout_basic, erik_orc_3, minmay_shop_mass
Temple:   hellmonk_temple_divided_pantheon
Lair:1:   beast_lair_carwin_large_4, layout_small_grid,
          nicolae_lair_grove_arrangements, eino_small_chamber_without_monster,
          lemuel_centaur_altar, lemuel_fruit_tree, uniq_harold
Lair:2:   layout_cave_pods
Lair:3:   layout_loops_ring, elwin_shoals_entry_rocks,
          nicolae_spider_entry_orb_guardian
Lair:4:   layout_misc_corridors, dpeg_slime_entry_enclosed, grunt_megastairs_3,
          uniq_snorg
Lair:5:   gammafunk_lair_ancient_temple, layout_hall_layers
Orc:1:    layout_diamond_mine, serial_shops, shop, bloody_makhleb
Orc:2:    st_orc_pillars, layout_diamond_mine, serial_shops,
          nicolae_shop_rolling_square, nooodl_orcs_dogs
Elf:1:    kennysheep_oblong_rooms, layout_gridlike, minmay_elf_demonology
Elf:2:    elven_hall_of_blades_hangedman_original [mumra_blade_entry_bloodbath],
          layout_loops_ring, basic_altar, serial_shops, shop, shop, shop,
          nicolae_lakefront_shop, nicolae_diamond_shop

Notes
Turn   | Place    | Note
-------+----------+-------------------------------------------
     0 | D:1      | MackTheKnife the Minotaur Fighter began the quest for the
                  | Orb.
     0 | D:1      | Reached XP level 1. HP: 19/19 MP: 0/0
     0 | D:1      | magus.rc [v1.9.6]
    64 | D:1      | Reached skill level 4 in Fighting
    92 | D:1      | Reached skill level 3 in Axes
    92 | D:1      | Reached XP level 2. HP: 26/27 MP: 1/1
   288 | D:2      | Reached XP level 3. HP: 28/34 MP: 2/2
   411 | D:2      | Reached skill level 4 in Axes
   441 | D:2      | Reached XP level 4. HP: 41/41 MP: 3/3
   697 | D:3      | Reached skill level 5 in Fighting
   701 | D:3      | Found Eredaug's Distillery.
   717 | D:3      | You pick up a book of Debilitation and begin reading...
   717 | D:3      | You add the spells Slow, Sigil of Binding, Vampiric
                  | Draining and Confusing Touch to your library.
   719 | D:3      | Bought 2 potions of curing for 78 gold pieces
   822 | D:4      | Reached XP level 5. HP: 40/48 MP: 4/4
   824 | D:4      | Reached skill level 5 in Axes
   826 | D:4      | Reached skill level 6 in Fighting
   834 | D:4      | Found a broken altar of Ashenzari.
  1016 | D:4      | Found Mozaxtesa's Distillery.
  1026 | D:4      | Reached XP level 6. HP: 40/58 MP: 5/5
  1105 | D:4      | Bought a potion of heal wounds for 65 gold pieces
  1224 | D:4      | Found Xietet's General Store.
  1232 | D:4      | Found Allone's Distillery.
  1251 | D:5      | Entered Level 5 of the Dungeon
  1263 | D:5      | Found a stormy altar of Qazlal.
  1276 | D:5      | Reached skill level 6 in Axes
  1291 | D:5      | Identified the +11 whip of Demonkind {freeze, rC++}
  1304 | D:5      | You pick up a book of Callings and begin reading...
  1304 | D:5      | You add the spells Summon Small Mammal, Call Canine
                  | Familiar and Summon Guardian Golem to your library.
  1310 | D:5      | Reached skill level 1 in Maces & Flails
  1405 | D:5      | Reached skill level 7 in Fighting
  1411 | D:5      | Noticed a water moccasin
  1419 | D:5      | Reached skill level 2 in Maces & Flails
  1422 | D:5      | Reached XP level 7. HP: 66/66 MP: 6/6
  1436 | D:5      | Reached skill level 3 in Maces & Flails
  1473 | D:5      | HP: 16/67 [orc priest/divine providence (10)]
  1611 | D:3      | Reached skill level 4 in Maces & Flails
  1640 | D:3      | Reached skill level 8 in Fighting
  1676 | D:4      | Found Voenak's Magic Scroll Shop.
  1681 | D:4      | Bought a scroll of teleportation for 33 gold pieces
  1771 | D:5      | Found Zuoxkela's Antique Armour Emporium.
  1786 | D:5      | Reached skill level 5 in Maces & Flails
  1948 | D:6      | Reached XP level 8. HP: 56/75 MP: 7/7
  1981 | D:6      | Found a glowing golden altar of the Shining One.
  2008 | D:6      | Found a staircase to the Ecumenical Temple.
  2019 | Temple   | Found a transporter.
  2019 | Temple   | Found a transporter.
  2019 | Temple   | Found a transporter.
  2019 | Temple   | Found a transporter.
  2019 | Temple   | Entered the Ecumenical Temple
  2032 | Temple   | Became a worshipper of Warmaster Okawaru
  2067 | D:6      | Reached skill level 9 in Fighting
  2067 | D:6      | Reached skill level 6 in Maces & Flails
  2401 | D:7      | Found a runed translucent gate.
  2402 | D:7      | Found a runed translucent gate.
  2402 | D:7      | Found a runed translucent gate.
  2402 | D:7      | Noticed p0werm0de's ghost (novice DsFi)
  2431 | D:7      | Reached skill level 7 in Maces & Flails
  2446 | D:7      | Reached skill level 10 in Fighting
  2577 | D:8      | Noticed Dirtsage's ghost (novice OpSh)
  2598 | D:8      | Reached * piety under Okawaru
  2608 | D:8      | Reached skill level 8 in Maces & Flails
  2613 | D:8      | Reached XP level 9. HP: 57/86 MP: 8/8
  2629 | D:8      | Reached skill level 11 in Fighting
  2634 | D:8      | Found a staircase to the Lair.
  2636 | D:8      | You add the spells Sting, Poisonous Vapours and Olgreb's
                  | Toxic Radiance to your library.
  2667 | D:8      | Reached skill level 9 in Maces & Flails
  2684 | D:8      | Reached ** piety under Okawaru
  2834 | D:8      | Reached skill level 12 in Fighting
  2834 | D:8      | Reached skill level 10 in Maces & Flails
  2895 | D:8      | Identified the +3 trident "Ecizuuhi" {elec, rC+}
  2963 | D:9      | Reached *** piety under Okawaru
  2981 | D:9      | Reached XP level 10. HP: 41/100 MP: 9/9
  3061 | D:9      | Reached skill level 11 in Maces & Flails
  3072 | D:9      | Noticed Maurice
  3077 | D:9      | Killed Maurice
  3082 | D:9      | Reached **** piety under Okawaru
  3083 | D:9      | Reached skill level 13 in Fighting
  3090 | D:9      | Noticed Maggie
  3101 | D:9      | Noticed Joseph
  3136 | D:9      | Killed Joseph
  3136 | D:9      | Reached ***** piety under Okawaru
  3137 | D:9      | Reached skill level 12 in Maces & Flails
  3141 | D:9      | Killed Maggie
  3254 | Lair:1   | Entered Level 1 of the Lair of Beasts
  3306 | Lair:1   | Reached skill level 4 in Armour
  3306 | Lair:1   | Reached skill level 1 in Dodging
  3339 | Lair:1   | Reached skill level 2 in Dodging
  3362 | Lair:1   | Reached skill level 5 in Armour
  3362 | Lair:1   | Reached skill level 3 in Dodging
  3465 | Lair:1   | Received a gift from Okawaru
  3483 | Lair:1   | Reached XP level 11. HP: 94/108 MP: 10/10
  3501 | Lair:1   | Reached skill level 6 in Armour
  3501 | Lair:1   | Reached skill level 4 in Dodging
  3606 | Lair:2   | Reached skill level 5 in Dodging
  3608 | Lair:2   | Reached skill level 7 in Armour
  3630 | Lair:2   | Noticed an eight-headed hydra
  3631 | Lair:2   | HP: 20/108 [komodo dragon (27)]
  3673 | Lair:2   | HP: 24/108 [komodo dragon (11)]
  3678 | Lair:2   | Reached skill level 6 in Dodging
  4019 | Lair:3   | Reached skill level 8 in Armour
  4039 | Lair:3   | Reached skill level 7 in Dodging
  4053 | Lair:4   | Noticed Snorg
  4083 | Lair:3   | Received a gift from Okawaru
  4084 | Lair:3   | Reached skill level 9 in Armour
  4161 | Lair:4   | Noticed a four-headed hydra
  4162 | Lair:4   | Noticed a five-headed hydra
  4164 | Lair:4   | Noticed a skyshark
  4173 | Lair:5   | Entered Level 5 of the Lair of Beasts
  4217 | Lair:5   | Reached skill level 8 in Dodging
  4253 | Lair:5   | Reached skill level 10 in Armour
  4269 | Lair:5   | Reached ****** piety under Okawaru
  4278 | Lair:5   | Acquired a +2 demon whip of electrocution
  4278 | Lair:5   | Received a gift from Okawaru
  4280 | Lair:5   | Acquired the +2 pair of slick slippers {slick, slippery,
                  | EV+4}
  4280 | Lair:5   | Received a gift from Okawaru
  4280 | Lair:5   | Found the +2 pair of slick slippers {slick, slippery, EV+4}
  4345 | Lair:5   | Reached XP level 12. HP: 95/116 MP: 11/11
  4349 | Lair:5   | Reached skill level 9 in Dodging
  4534 | Lair:5   | Noticed a merfolk avatar
  4553 | Lair:5   | Killed a merfolk avatar
  4554 | Lair:5   | Reached skill level 11 in Armour
  4566 | Lair:5   | Received a gift from Okawaru
  4687 | Lair:5   | Reached skill level 1 in Invocations
  4714 | Lair:5   | Reached skill level 2 in Invocations
  4744 | Lair:5   | Noticed an eight-headed hydra
  4752 | Lair:5   | Reached skill level 3 in Invocations
  4774 | Lair:5   | Killed an eight-headed hydra
  4775 | Lair:5   | Reached skill level 4 in Invocations
  4783 | Lair:5   | Noticed a dire elephant
  4795 | Lair:5   | Reached skill level 5 in Invocations
  4803 | Lair:5   | Killed a dire elephant
  4886 | Lair:5   | Reached skill level 6 in Invocations
  4900 | Lair:5   | Received a gift from Okawaru
  4908 | Lair:5   | Identified the +3 trident of Armageddon {elec, Int+2}
  4910 | Lair:5   | Got an earthy gem
  4920 | Lair:5   | You add the spells Jinxbite and Fulminant Prism to your
                  | library.
  4920 | Lair:5   | Got the Disquisition on Bad Luck
  4956 | Lair:5   | Reached skill level 7 in Invocations
  5061 | Lair:5   | Reached skill level 8 in Invocations
  5081 | Lair:5   | Reached skill level 14 in Fighting
  5101 | Lair:5   | HP: 24/117 [harpy (7)]
  5109 | Lair:5   | Reached skill level 10 in Dodging
  5112 | Lair:5   | You pick up a book of the Hunter and begin reading...
  5137 | Lair:5   | HP: 11/117 [komodo dragon (26)]
  5142 | Lair:5   | HP: 24/117 [komodo dragon (15)]
  5151 | Lair:5   | Reached XP level 13. HP: 26/124 MP: 11/18
  5245 | Lair:5   | HP: 18/124 [wind drake/the air (19)]
  5248 | Lair:5   | Received a gift from Okawaru
  5585 | Lair:3   | Found a hole to the Spider Nest.
  5630 | Lair:3   | Found a staircase to the Shoals.
  5732 | Lair:3   | Reached skill level 12 in Armour
  5796 | Lair:3   | You add the spells Dispel Undead and Borgnjor's Vile Clutch
                  | to your library.
  5796 | Lair:3   | Got Kikubaaqudgha's Lectures on Exhumation
  5982 | Lair:2   | Received a gift from Okawaru
  6040 | Lair:1   | Noticed Harold
  6050 | Lair:1   | Killed Harold
  6051 | Lair:1   | Reached skill level 11 in Dodging
  6262 | D:8      | Reached skill level 15 in Fighting
  6315 | D:8      | Received a gift from Okawaru
  6562 | D:8      | Reached skill level 13 in Armour
  6675 | D:9      | Found a blossoming altar of Fedhas.
  6853 | D:10     | Entered Level 10 of the Dungeon
  6928 | D:10     | Found a staircase to the Orcish Mines.
  7092 | D:10     | Reached skill level 4 in Shields
  7101 | D:10     | Received a gift from Okawaru
  7201 | Orc:1    | Entered Level 1 of the Orcish Mines
  7259 | Orc:1    | Reached skill level 5 in Shields
  7262 | Orc:1    | Found a burning altar of Makhleb.
  7266 | Orc:1    | Found Wukeimum's Antique Weapon Boutique.
  7348 | Orc:2    | Entered Level 2 of the Orcish Mines
  7365 | Orc:2    | Found Pabrob's Magic Scroll Emporium.
  7370 | Orc:2    | Bought a scroll of enchant weapon for 82 gold pieces
  7382 | Orc:2    | Found a staircase to the Elven Halls.
  7555 | Orc:2    | Reached skill level 6 in Shields
  7616 | Orc:2    | Reached skill level 7 in Shields
  7741 | Orc:2    | Reached XP level 14. HP: 94/135 MP: 19/19
  7789 | Orc:2    | Reached skill level 8 in Shields
  7828 | Orc:2    | HP: 33/135 [orc knight/bolt (23)]
  8182 | Orc:2    | Reached skill level 9 in Shields
  8207 | Orc:2    | Reached skill level 10 in Shields
  8226 | Orc:2    | Found Coecvy's Distillery.
  8226 | Orc:2    | Found Guutielo's Antique Weapon Boutique.
  8227 | Orc:2    | Found Yntotaa Hoer's Assorted Antiques.
  8227 | Orc:2    | Found Leethe Zoon's Antique Weapon Shop.
  8237 | Orc:2    | Bought 2 potions of heal wounds for 140 gold pieces
  8237 | Orc:2    | Bought a potion of heal wounds for 70 gold pieces
  8242 | Orc:2    | Bought a garnet ring for 145 gold pieces
  8504 | Elf:1    | Entered Level 1 of the Elven Halls
  8514 | Elf:1    | Reached skill level 16 in Fighting
  8637 | Elf:1    | HP: 34/138 [burnt (2)]
  8639 | Elf:1    | Received a gift from Okawaru
  8908 | Elf:2    | Reached skill level 17 in Fighting
  8917 | Elf:1    | HP: 34/140 [poisoned by a +0 glaive of venom]
  9217 | Elf:2    | Noticed a deep elf blademaster
  9227 | Elf:2    | HP: 23/140 [deep elf blademaster/+0 short sword (13)]
  9228 | Elf:2    | HP: 8/140 [+3 dire flail of venom (12)]
  9228 | Elf:2    | Demolished by a +3 dire flail of venom

Vanquished Creatures
  A dire elephant (Lair:5)
  Harold (Lair:1)
  2 hydras
  A merfolk avatar (Lair:5)
  A catoblepas (D:8)
  A boulder beetle (D:8)
  3 dancing weapons (Elf:2)
  6 orc high priests (Orc:2)
  2 skysharks (Lair:5)
  3 deep elf knights
  2 skeletal warriors (D:8)
  2 deep elf archers (Elf:1)
  9 orc knights (Orc:2)
  A lindwurm (Lair:5)
  3 deep elf zephyrmancers (Elf:1)
  2 harpies (Lair:5)
  7 deep elf pyromancers
  A cyclops (D:8)
  Maurice (D:9)
  2 manticores (Lair:5)
  8 elephants
  2 black mambas
  2 kobold blastminers (Orc:1)
  Joseph (D:9)
  6 cane toads
  Maggie (D:9)
  3 rime drakes
  12 komodo dragons
  2 polar bears
  2 trolls (D:8)
  2 wind drakes (Lair:5)
  11 blink frogs
  A snapping turtle (Lair:5)
  60 yaks
  2 water elementals
  A wraith (D:9)
  A wyvern (Lair:1)
  4 fire elementals
  7 basilisks
  7 wargs
  A yak (shapeshifter) (D:8)
  A steam dragon (D:8)
  13 water moccasins
  28 orc warriors
  A sky beast (D:8)
  A black bear (D:8)
  6 wolves (Lair:2)
  4 ogres
  6 centaurs
  6 kobold brigands
  13 bullfrogs
  An earth elemental (Elf:1)
  A scorpion (shapeshifter) (Elf:1)
  9 scorpions
  2 gnoll sergeants
  8 wights
  18 killer bees
  A howler monkey (D:5)
  4 hounds (D:5)
  A jelly (D:7)
  31 orc priests
  8 iguanas
  6 hell rats (Lair:2)
  13 orc wizards
  4 adders
  26 gnolls
  A shadow imp (D:8)
  2 white imps (D:5)
  3 ufetubi
  3 worms
  69 orcs
  5 bats
  5 endoplasms
  4 giant cockroaches
  6 goblins
  5 hobgoblins
  35 kobolds
  4 quokkas
  3 ball pythons
  A bat (shapeshifter) (Elf:1)
  A frilled lizard (D:2)
  4 rats
550 creatures vanquished.

Table legend:
 A = Non-vault XP
 B = Vault XP
 C = Vault XP percentage of total XP
 D = Non-vault monster count
 E = Vault monster count
 F = Vault count percentage of total count
                 A         B        C        D         E       F
            +---------+---------+-------+---------+---------+-------
      Total |   50752 |   36347 |  41.7 |     395 |     155 |  28.2
            +---------+---------+-------+---------+---------+-------
        D:1 |      25 |       0 |   0.0 |      14 |       0 |   0.0
        D:2 |      80 |       0 |   0.0 |      16 |       0 |   0.0
        D:3 |     129 |       0 |   0.0 |      16 |       0 |   0.0
        D:4 |     325 |       0 |   0.0 |      17 |       0 |   0.0
        D:5 |     809 |       0 |   0.0 |      27 |       0 |   0.0
        D:6 |     324 |       8 |   2.4 |       7 |       1 |  12.5
        D:7 |     674 |       0 |   0.0 |      11 |       0 |   0.0
        D:8 |    1543 |    6367 |  80.5 |      25 |      25 |  50.0
        D:9 |    4678 |    1379 |  22.8 |      59 |       3 |   4.8
       D:10 |    1018 |     859 |  45.8 |      19 |      19 |  50.0
     Lair:1 |    1227 |    2878 |  70.1 |       8 |      16 |  66.7
     Lair:2 |    4437 |       0 |   0.0 |      23 |       0 |   0.0
     Lair:3 |    8846 |     319 |   3.5 |      32 |       1 |   3.0
     Lair:4 |    1606 |       0 |   0.0 |       7 |       0 |   0.0
     Lair:5 |   11450 |    8342 |  42.1 |      42 |      16 |  27.6
      Orc:1 |    1170 |       0 |   0.0 |       6 |       0 |   0.0
      Orc:2 |    4481 |   11528 |  72.0 |      50 |      64 |  56.1
      Elf:1 |    6720 |    2244 |  25.0 |      13 |       7 |  35.0
      Elf:2 |    1210 |    2423 |  66.7 |       3 |       3 |  50.0
            +---------+---------+-------+---------+---------+-------

Skill      XL: |  1  2  3  4  5  6  7  8  9 10 11 12 13 14 |
---------------+-------------------------------------------+-----
Fighting       | 4 5 6 7 8 10 12 13 14 15 17 | 17.5
Axes           | 3 4 5 6 |  6.0
Maces & Flails | 2 5 8 10 12 | 12.3
Armour         | 5 10 11 13 | 13.2
Dodging        | 3 8 10 11 | 11.7
Invocations    | 8 |  8.0
Shields        | 7 10 | 10.1

Action                     |  1- 3 |  4- 6 |  7- 9 | 10-12 | 13-15 || total
---------------------------+-------+-------+-------+-------+-------++-------
  Melee: War axe           |    69 |    65 |       |       |       ||   134
         Headbutt          |     5 |    17 |    24 |   103 |   128 ||   277
         Whip              |       |    13 |   194 |   332 |       ||   539
         Demon whip        |       |       |       |   143 |   684 ||   827
  Throw: Dart              |       |       |       |    11 |     3 ||    14
         Throwing net      |       |       |       |       |     2 ||     2
 Invoke: Receive Weapon    |       |       |       |     1 |       ||     1
         Receive Armour    |       |       |       |     1 |       ||     1
         Heroism           |       |       |       |     4 |    13 ||    17
         Finesse           |       |       |       |     2 |     9 ||    11
  Evoke: Wand              |       |       |     1 |    32 |    11 ||    44
         Tin of tremorston |       |       |       |       |     4 ||     4
    Use: Potion            |     1 |       |       |     9 |     3 ||    13
         Scroll            |       |     6 |     6 |     9 |     7 ||    28
   Stab: Paralysed         |       |       |       |     6 |       ||     6
         Petrified         |       |       |       |       |     5 ||     5
         Invisible         |       |       |       |       |     1 ||     1
         Sleeping          |       |       |       |       |     1 ||     1
 Armour: Scale mail        |    54 |    39 |   124 |    27 |       ||   244
         Steam dragon scal |       |       |       |   183 |   169 ||   352
  Dodge: Dodged            |    30 |    32 |    59 |   188 |   303 ||   612
  Block: Buckler           |    14 |    20 |    41 |    95 |   121 ||   291

Illustrated notes

Table legend:
 A = Kills in this place as a percentage of kills in the entire game.
 B = Kills by you in this place as a percentage of kills by you in the entire game.
 C = Kills by friends in this place as a percentage of kills by friends in the entire game.
 D = Other kills in this place as a percentage of other kills in the entire game.
 E = Experience gained in this place as a percentage of experience gained in the entire game.
 F = Experience gained in this place divided by the number of levels of this place that you have seen.
                   A       B       C       D       E      F
               +-------+-------+-------+-------+-------+----------------------
         Total | 100.0 | 100.0 |   N/A |   N/A | 100.0 | 4355.0
       Dungeon |  47.1 |  47.1 |   N/A |   N/A |  20.9 | 1821.8
          Lair |  26.4 |  26.4 |   N/A |   N/A |  44.9 | 7821.0
  Orcish Mines |  21.8 |  21.8 |   N/A |   N/A |  19.7 | 8589.5
   Elven Halls |   4.7 |   4.7 |   N/A |   N/A |  14.5 | 6298.5
               +-------+-------+-------+-------+-------+----------------------

Table legend: (Time is in decaauts)
 A = Elapsed time spent in this place.
 B = Non-inter-level travel time spent in this place.
 C = Inter-level travel time spent in this place.
 D = Time resting spent in this place.
 E = Time spent auto-exploring this place.
 F = Levels seen in this place.
 G = Mean time per level.
                   A        B        C        D        E       F      G
               +--------+--------+--------+--------+--------+-----+--------+
         Total |   8596 |   8032 |    564 |   1493 |    320 |  20 |  429.8 |
       Dungeon |   4167 |   3697 |    470 |    136 |    290 |  10 |  416.7 |
        Temple |     26 |     26 |      0 |      0 |      0 |   1 |   26.0 |
          Lair |   2608 |   2515 |     93 |    756 |     30 |   5 |  521.6 |
  Orcish Mines |   1133 |   1133 |      0 |    215 |      0 |   2 |  566.5 |
   Elven Halls |    660 |    660 |      0 |    386 |      0 |   2 |  330.0 |
               +--------+--------+--------+--------+--------+-----+--------+

Top non-repeatable levels by time:
  Lair:5: 956 daAuts
     D:8: 872 daAuts
   Orc:2: 778 daAuts
   Elf:1: 608 daAuts
     D:9: 493 daAuts
  Lair:2: 491 daAuts
     D:5: 445 daAuts
     D:4: 442 daAuts
  Lair:3: 441 daAuts
     D:3: 402 daAuts
  Lair:4: 374 daAuts
     D:7: 362 daAuts
     D:2: 357 daAuts
   Orc:1: 355 daAuts
  Lair:1: 344 daAuts
